 Dungeon Crawl Stone Soup version 0.21.1-1-g345015f (webtiles) character file.

172 Mesmaeker13 the Poker (level 5, -4/41 HPs)
             Began as a Demonspawn Wanderer on Apr 29, 2018.
             Killed by nerve-wracking pain
             ... invoked by an orc priest
              (10 damage)
             ... on level 4 of the Dungeon.
             The game lasted 00:04:27 (3794 turns).

Mesmaeker13 the Poker (Demonspawn Wanderer)         Turns: 3794, Time: 00:04:28

Health: -4/41      AC:  9    Str: 13    XL:     5   Next: 27%
Magic:  5/5        EV:  6    Int: 14    God:
Gold:   194        SH:  0    Dex: 12    Spells: 4/4 levels left

rFire    . . .     SeeInvis .   a - +2 spear
rCold    . . .     Gourm    .   (no shield)
rNeg     . . .     Faith    .   i - +0 chain mail
rPois    .         Spirit   .   (no helmet)
rElec    .         Reflect  .   (no cloak)
rCorr    .         Harm     .   t - +0 pair of gloves
MR       .....                  (no boots)
Stlth    ..........             (no amulet)
HPRegen  0.13/turn              g - ring of wizardry
MPRegen  0.09/turn              (no ring)

@: drained
A: claws 1, powered by death 1, powered by pain 2
a: no special abilities


You were on level 4 of the Dungeon.
You were very hungry.

You visited 1 branch of the dungeon, and saw 4 of its levels.

You collected 194 gold pieces.

Inventory:

Hand Weapons
 a - a +2 spear (weapon)
Armour
 i - a +0 chain mail (worn)
 o - a +0 plate armour
 t - a +0 pair of gloves (worn)
Jewellery
 g - a ring of wizardry (left hand)
Scrolls
 k - 2 scrolls of enchant armour
 q - 4 scrolls of teleportation {unknown}
 r - a scroll of fear {unknown}
 s - a scroll of amnesia
 u - a scroll of remove curse {unknown}
Potions
 b - 2 potions of curing
 c - a potion of lignification {unknown}
 d - a potion of heal wounds
 e - a potion of might {unknown}
 h - a potion of magic {unknown}
 j - a potion of berserk rage
 l - 2 potions of cancellation {unknown}
 m - a potion of mutation {unknown}
 n - a potion of resistance {unknown}
 p - a potion of haste {unknown}
Comestibles
 f - 10 rations


   Skills:
 + Level 3.5(3.2) Fighting
 + Level 3.8(3.5) Polearms
   Level 1.0(2.2) Staves
 + Level 2.4(2.0) Armour
 - Level 1.0(0.6) Dodging
 - Level 1.0(0.6) Stealth
   Level 1.0(0.6) Shields
   Level 1.0(0.6) Evocations


You had 4 spell levels left.
You didn't know any spells.

Dungeon Overview and Level Annotations

Branches:
Dungeon (4/15)
 Temple: D:4-7

Altars:
Sif Muna

Annotations:
D:3 1 runed door


Innate Abilities, Weirdness & Mutations

You have sharp fingernails.
You regenerate a little health from kills.
You sometimes gain power by taking damage.


Message History

The orc priest is moderately wounded.
The orc priest hits you but does no damage.
You hit the orc priest.
The orc priest is heavily wounded.
The orc priest hits you with a mace.
* * * LOW HITPOINT WARNING * * *
You barely miss the orc priest.
The orc priest is heavily wounded.
You closely miss the orc priest.
The orc priest is heavily wounded.
The orc priest hits you with a mace.
* * * LOW HITPOINT WARNING * * *
You hit the orc priest but do no damage.
The orc priest is heavily wounded.
The orc priest hits you but does no damage.
You hit the orc priest but do no damage.
The orc priest is heavily wounded.
The orc priest calls down the wrath of Beogh upon you.
Pain shoots through your body!
You die...

..........#
........#.#
#########.#.. .
#.#.# .. #.#.#
... #.#.# ....
#.#.# # .....
#.#.#.#
......#@#...#
........o...#
.....##.........
.... +........#.
... ######.###
.. .# . #


You could see an orc priest.

Vanquished Creatures
  A hound (D:3)
  An orc priest (D:3)
  A centaur skeleton (D:3)
  3 adders
  A worm (D:2)
  A dart slug (D:3)
  2 leopard geckos (D:1)
  4 orcs (D:3)
  2 giant cockroaches
  10 goblins
  2 hobgoblins
  4 jackals
  6 bats
  2 frilled lizards
  4 kobolds
  3 rats
47 creatures vanquished.

Notes
Turn   | Place    | Note
-------+----------+-------------------------------------------
     0 | D:1      | Mesmaeker13 the Demonspawn Wanderer began the quest for the Orb.
     0 | D:1      | Mesmaeker13 set off with: a +2 spear, a potion of curing, a +0 quarterstaff, a +0 robe, a ration
     0 | D:1      | Reached XP level 1. HP: 16/16 MP: 1/1
   620 | D:1      | Gained mutation: You sometimes gain a little power by taking damage. [demonic ancestry]
   620 | D:1      | Reached XP level 2. HP: 13/22 MP: 2/2
  1077 | D:1      | Reached skill level 1 in Armour
  1892 | D:2      | Gained mutation: You have sharp fingernails. [demonic ancestry]
  1892 | D:2      | Reached XP level 3. HP: 26/28 MP: 3/3
  2266 | D:2      | You fall through a shaft for 2 floors!
  2684 | D:3      | Gained mutation: You sometimes gain power by taking damage. [demonic ancestry]
  2684 | D:3      | Reached XP level 4. HP: 26/35 MP: 4/4
  3233 | D:3      | Gained mutation: You regenerate a little health from kills. [demonic ancestry]
  3233 | D:3      | Reached XP level 5. HP: 36/41 MP: 5/5
  3261 | D:3      | Found a runed door.
  3714 | D:2      | Found a deep blue altar of Sif Muna.
  3794 | D:4      | Killed from afar by an orc priest

Skill      XL: |  1  2  3  4 |
---------------+-------------+-----
Polearms       | 3 |  3.8
Armour         | 1 2 |  2.4
Fighting       | 3 |  3.5
Staves         | |  1.0
Dodging        | |  1.0
Stealth        | |  1.0
Shields        | |  1.0
Evocations     | |  1.0

Action                   |  1- 3 |  4- 6 || total
-------------------------+-------+-------++-------
Melee: Spear             |   113 |   109 ||   222
  Use: Scroll            |     3 |     1 ||     4
  Eat: Chunk             |     5 |     3 ||     8
Armor: Chain mail        |    54 |    43 ||    97
       Robe              |     2 |       ||     2
Dodge: Dodged            |    22 |    21 ||    43
